 Dungeon Crawl Stone Soup version 0.18-a0-1649-g8d9735b (webtiles) character file.

28 graki42 the Vandal (level 3, 0/24 HPs)
             Began as a Halfling Hunter on Mar 29, 2016.
             Slain by Sigmund
             ... wielding a cursed +0 scythe
              (15 damage)
             ... on level 2 of the Dungeon.
             The game lasted 00:02:22 (518 turns).

graki42 the Vandal (Halfling Hunter)                 Turns: 518, Time: 00:02:22

Health: 0/24       AC:  4    Str: 12    XL:     3   Next: 27%
Magic:  3/3        EV: 13    Int: 13    God:
Gold:   90         SH:  0    Dex: 15    Spells: 0 memorised, 2 levels left

rFire  . . .     SeeInvis .     a - +1 hunting sling
rCold  . . .     Gourm    .     e - -1 ring mail (curse)
rNeg   . . .     Faith    +     (shield restricted)
rPois  .         Spirit   .     (no helmet)
rElec  .         Dismiss  .     (no cloak)
rCorr  .         Reflect  .     (no gloves)
SustAt .         Harm     .     (no boots)
MR     .....                    h - amulet of faith
Stlth  ..........               (no ring)
                                j - +3 ring of intelligence

@: confused, not resistant to hostile enchantments, extremely unstealthy
A: mutation resistance 1
a: no special abilities


You were on level 2 of the Dungeon.
You were not hungry.

You visited 1 branch of the dungeon, and saw 2 of its levels.

You collected 90 gold pieces.

Inventory:

Hand Weapons
 a - a +1 hunting sling (weapon)
 b - a +0 short sword
Missiles
 g - 26 stones (quivered)
Armour
 e - a cursed -1 ring mail (worn)
Jewellery
 h - an amulet of faith (around neck)
 j - a +3 ring of intelligence (left hand)
Scrolls
 i - a scroll of teleportation {unknown}
 k - a scroll of immolation {unknown}
 l - a scroll of identify {unknown}
Potions
 c - a potion of curing {unknown}
Comestibles
 f - a bread ration


   Skills:
 + Level 1.8 Fighting
 + Level 7.0 Slings
 + Level 0.2 Armour
 + Level 2.3 Dodging
 + Level 1.1 Stealth


You had 2 spell levels left.
You didn't know any spells.

Dungeon Overview and Level Annotations

Branches:
Dungeon (2/15)

Altars:

Annotations:
D:2 Sigmund


Innate Abilities, Weirdness & Mutations

You are small and have problems with some larger weapons.
You are somewhat resistant to further mutation.


Message History

You are confused.
Firing (i - inventory. (,) - cycle):
d - 3 sling bullets (quivered)
Press: ? - help, Shift-Dir - straight line You shoot a sling bullet.
Something hits you.
Firing (i - inventory. (,) - cycle):
d - 2 sling bullets (quivered)
Press: ? - help, Shift-Dir - straight line You shoot a sling bullet.
Firing (i - inventory. (,) - cycle):
d - a sling bullet (quivered)
Press: ? - help, Shift-Dir - straight line You shoot a sling bullet.
You hear some strange, mumbled words.
You are more confused.
Firing (i - inventory):
g - 28 stones (quivered)
Press: ? - help, Shift-Dir - straight line You shoot a stone.
Something hits you but does no damage.
Firing (i - inventory):
g - 27 stones (quivered)
Press: ? - help, Shift-Dir - straight line You shoot a stone.
Something hits you!
Ouch! That really hurt!
You die...

...........#.#......#
#.#..........###..#.#
#.######.#####..# # #
#...<.......#
#.####......# # #
#........(#.##
##.#.#...........
..(...............
.##.#.#(..@.......
...#.#####....... ...
.. {...... ### ###
(...... .......
.(..... .......
.(.(...


There were no monsters in sight!

Vanquished Creatures
  A giant gecko (D:1)
  A giant cockroach (D:1)
  3 goblins (D:1)
  3 hobgoblins
  5 jackals (D:1)
  4 bats
  2 giant newts
  3 kobolds (D:1)
  2 rats
24 creatures vanquished.

Notes
Turn   | Place    | Note
--------------------------------------------------------------
     0 | D:1      | graki42 the Halfling Hunter began the quest for the Orb.
     0 | D:1      | Reached XP level 1. HP: 14/14 MP: 1/1
     8 | D:1      | Reached skill level 6 in Slings
    14 | D:1      | Reached XP level 2. HP: 19/19 MP: 2/2
   276 | D:1      | Reached XP level 3. HP: 24/24 MP: 3/3
   410 | D:1      | Reached skill level 7 in Slings
   500 | D:2      | Noticed Sigmund
   518 | D:2      | Slain by Sigmund

Vault maps used:
D:1:      ncdulo_watergridlock
D:2:      ecumenical_altar_2, johnstein_pakellas_shop, uniq_sigmund

Skill      XL: |  1  2  3 |
---------------+----------+-----
Slings         | 6 7 |  7.0
Fighting       | |  1.8
Armour         | |  0.2
Dodging        | |  2.3
Stealth        | |  1.1

Action                   || total
-------------------------++-------
Melee: Short sword       ||    15
 Fire: Hunting sling     ||    64
